 Dungeon Crawl Stone Soup version 0.32-a0-871-ge202e49faa (webtiles) character file.

Game seed: 16723980203628814767

487 kae the Slasher (level 7, -4/50 HPs)
             Began as a Coglin Gladiator on Mar 29, 2024.
             Killed from afar by Blork the orc (8 damage)
             ... with a puff of flame
             ... on level 4 of the Dungeon.
             The game lasted 00:02:40 (3039 turns).

kae the Slasher (Coglin Gladiator)                  Turns: 3039, Time: 00:02:41

Health: -4/50      AC:  4    Str: 14    XL:     7   Next: 13%
Magic:  7/7        EV: 11    Int:  8    God:
Gold:   122        SH:  0    Dex: 17    Spells: 6/6 levels left

rFire   . . .        a - +0 long sword {Njabulo}
rCold   . . .        f - +0 dagger {Wira}
rNeg    . . .        b - +0 leather armour
rPois   .            c - +0 helmet
rElec   .            (no cloak)
rCorr   .            (no gloves)
SInv    .            (no boots)
Will    .....        (amulet unavailable)
Stlth   +            (ring unavailable)
HPRegen 0.28/turn    (ring unavailable)
MPRegen 0.10/turn    (no gizmo)

%: no passive effects
@: no status effects
A: off-hand wielding, slow wielding, warmup strikes, no jewellery
a: Invent Gizmo


You were on level 4 of the Dungeon.
You visited 1 branch of the dungeon, and saw 4 of its levels.

You collected 122 gold pieces.


Innate Abilities, Weirdness & Mutations

You can wield a second weapon in your off-hand.
It takes a long time for you to wield or remove held weapons.
Your first few attacks do less damage.
You cannot equip rings or amulets.


   Skills:
 - Level 2.0 Fighting
 + Level 7.9 Long Blades
 - Level 1.7 Throwing
 - Level 2.6 Dodging


You had 6 spell levels left.
You didn't know any spells.
Your spell library contained the following spells:

 Spells                   Type           Power      Damage    Failure   Level
 Sculpt Simulacrum        Ice/Alch       0%         N/A       100%        6
 Ozocubu's Refrigeration  Ice            0%         4d7       100%        7
 Polar Vortex             Ice            0%         N/A       100%        9

Inventory:

Hand Weapons
 a - a +0 long sword (weapon) {Njabulo}
 f - a +0 dagger (offhand) {Wira}
Missiles
 d - 5 throwing nets (quivered) {=f!f}
 e - a javelin
 h - 54 stones
 i - 4 poisoned darts
 l - 9 darts of dispersal {=f!f}
Armour
 b - a +0 leather armour (worn)
 c - a +0 helmet (worn)
Jewellery
 w - an amulet of magic regeneration
   (You found it on level 4 of the Dungeon)
Wands
 o - a wand of light (7)
   (You took it off a gnoll on level 3 of the Dungeon)
Scrolls
 q - a scroll of butterflies {unknown}
 s - a scroll of fog
 t - a scroll of noise {unknown}
 u - 2 scrolls of blinking {unknown}
 x - a scroll of amnesia {unknown}
Potions
 g - a potion of lignification {!q}
 k - 2 potions of brilliance
 m - a potion of attraction {unknown}
 p - a potion of cancellation {unknown}
 r - a potion of magic
 v - 2 potions of curing {unknown}

Dungeon Overview and Level Annotations

Branches:
Dungeon (4/15) Zot: 20966
 Temple: D:4-7

Altars:

Annotations:
D:4 Blork the orc

....... ###...........#.
...... #............... ....
.............o# ..
..........##..## ... ..
###...............#....
........##........[..... .
.......##........##.....
.......#................
........@.............##.
................)..#....
##.#...#....#......#.... ##
##..................# .
###)###....###..........##
...#........#................
..........###........>.>.....
....#....#..##..............
$.. #.............[........#


You could see Blork the orc.


Message History

You closely miss the adder with your +0 dagger.
You slash the adder with your +0 long sword!
The adder bites you but does no damage. x2
You slash the adder with your +0 long sword!
You kill the adder!
You hit the orc wizard with your +0 dagger.
You hit the orc wizard with your +0 long sword.
The orc wizard points at you and mumbles some strange words.
The puff of flame hits you! 😕 HP[-8]
You take 8 damage, and now have 42/50 hp.
You closely miss the orc wizard with your +0 long sword.
You hit the orc wizard but do no damage.
The orc wizard gestures at you while chanting.
The magic dart hits you. The orc barely misses you.
You closely miss the orc wizard with your +0 long sword.
You hit the orc wizard with your +0 dagger.
The orc wizard hits you with a +0 dagger.
The orc hits you with a +0 short sword. 😮 HP[-10]
You take 10 damage, and now have 32/50 hp.
You are too injured to fight recklessly!
You are too injured to fight recklessly!
Unknown command.
You hit the orc wizard with your +0 dagger.
You closely miss the orc wizard with your +0 long sword.
An orc priest comes into view. It is wielding a +0 short sword.
The orc wizard barely misses you.
The orc wizard gestures wildly while chanting.
The orc wizard flickers and vanishes!
Deactivating autopickup; reactivate with Ctrl-A.
The orc priest shouts, "Beogh offers mercy even to people such as you.
Join us and be reborn!" (press Y on the ability menu to convert to Beogh)
You hit the orc wizard with your +0 long sword.
You hit the orc wizard with your +0 dagger.
You kill the orc wizard!
The orc barely misses you.
The orc priest begins to cast a cantrip, but forgets the words!
Unknown command.
You hit the orc with your +0 long sword.
You barely miss the orc with your +0 dagger.
The orc priest calls down the wrath of Beogh upon you.
Beogh smites you!
* * * LOW HITPOINT WARNING * * *
😨 HP[-8]
You take 8 damage, and now have 24/50 hp.
You barely miss the orc with your +0 dagger.
You hit the orc with your +0 long sword.
The orc hits you with a +0 short sword.
* * * LOW HITPOINT WARNING * * *
😨 HP[-3]
You take 3 damage, and now have 21/50 hp.
Unknown command.
The orc attacks as it pursues you! The orc hits you with a +0 short sword.
* * * LOW HITPOINT WARNING * * *
😨 HP[-3]
You take 3 damage, and now have 18/50 hp.
You hit the orc with your +0 dagger.
You kill the orc!
Unknown command.
As you read the scroll of identify {@r1}, it crumbles to dust.
r - a potion of magic You hear some strange, mumbled words.
Something tries to affect you, but you resist.
As you read the scroll of identify {@r1}, it crumbles to dust.
k - 2 potions of brilliance You hear some strange, mumbled words.
A puff of flame appears from out of thin air!
The puff of flame hits you.
* * * LOW HITPOINT WARNING * * *
😨 HP[-5]
You take 5 damage, and now have 13/50 hp.
Okay, then.
As you read the scroll of teleportation {@r4}, it crumbles to dust.
You feel strangely unstable.
A magic dart appears from out of thin air!
The magic dart hits you!
* * * LOW HITPOINT WARNING * * *
😱 HP[-7]
You take 7 damage, and now have 6/50 hp.
Unknown command.
Your surroundings suddenly seem different.
Found an escape hatch in the floor. 😱 HP[+1]
There is a stone staircase leading down here. 😱 HP[+2]
You regained 2 hp, and now have 9/50 hp.
Unknown command.
Blork the orc shouts!
Blork the orc points at you and mumbles some strange words.
The magic dart hits you.
* * * LOW HITPOINT WARNING * * *
😱 HP[-6]
You take 6 damage, and now have 3/50 hp. 😱 HP[+1] Blork the orc says, "I was weak, but now I'm strong.
And I'll get stronger."
Blork the orc casts a spell at you. The puff of flame hits you!
You die...
Blork the orc shouts, "I believe in me!"

Skill      XL: |  1  2  3  4  5  6 |
---------------+-------------------+-----
Long Blades    | 4 6 7 |  7.9
Fighting       | |  2.0
Throwing       | |  1.7
Dodging        | |  2.6

Action                     |  1- 3 |  4- 6 |  7- 9 || total
---------------------------+-------+-------+-------++-------
  Melee: Long sword        |    84 |   102 |    40 ||   226
         Dagger            |    74 |    95 |    39 ||   208
  Evoke: Wand              |       |     2 |       ||     2
    Use: Scroll            |     3 |     1 |     3 ||     7
         Potion            |     1 |       |     2 ||     3
   Stab: Sleeping          |     3 |     1 |       ||     4
         Invisible         |       |     1 |       ||     1
 Armour: Leather armour    |    36 |    65 |    57 ||   158
         Skin              |     3 |       |       ||     3
  Dodge: Dodged            |    49 |   107 |    53 ||   209

Levels and vault maps discovered:
D:1:      lemuel_arrival_tunnels, layout_basic, minmay_stone_trees_small,
          minmay_misc_feat_five
D:2:      layout_basic, ebering_ecumenical_altar_rust, uniq_natasha,
          uniq_sigmund
D:3:      layout_rooms
D:4:      minmay_wonky_spiral, layout_cave_pools, mainiacjoe_overflow_alcove_2,
          uniq_blork_the_orc

Notes
Turn   | Place    | Note
-------+----------+-------------------------------------------
     0 | D:1      | kae the Coglin Gladiator began the quest for the Orb.
     0 | D:1      | Reached XP level 1. HP: 16/16 MP: 1/1
     0 | D:1      | magus.rc [v1.11.3]
   188 | D:1      | Reached XP level 2. HP: 22/22 MP: 2/2
   200 | D:1      | You pick up a book of Ice and begin reading...
   200 | D:1      | You add the spells Sculpt Simulacrum, Ozocubu's
                  | Refrigeration and Polar Vortex to your library.
   338 | D:1      | Reached skill level 4 in Long Blades
   383 | D:1      | Reached XP level 3. HP: 25/27 MP: 3/3
   826 | D:2      | Found a faded altar of an unknown god.
  1096 | D:2      | Noticed Sigmund
  1107 | D:2      | Killed Sigmund
  1108 | D:2      | Reached skill level 6 in Long Blades
  1108 | D:2      | Reached XP level 4. HP: 33/33 MP: 4/4
  1108 | D:2      | Reached XP level 5. HP: 38/38 MP: 5/5
  1338 | D:2      | Reached XP level 6. HP: 43/44 MP: 6/6
  1365 | D:2      | Noticed Natasha
  1374 | D:2      | Killed Natasha
  1972 | D:3      | Reached skill level 7 in Long Blades
  2716 | D:4      | Reached XP level 7. HP: 50/50 MP: 7/7
  2776 | D:4      | Noticed Blork the orc
  2800 | D:3      | HP: 11/50 [jackal (3)]
  2804 | D:3      | HP: 4/50 [jackal (3)]
  3026 | D:4      | HP: 6/50 [something/magic dart (7)]
  3037 | D:4      | HP: 3/50 [Blork the orc/magic dart (6)]
  3039 | D:4      | Killed from afar by Blork the orc

Vanquished Creatures
  Sigmund (D:2)
  An ogre (D:4)
  Natasha (D:2)
  An orc wizard (D:4)
  7 adders
  4 gnolls (D:3)
  3 dart slugs
  6 orcs
  10 endoplasms
  4 giant cockroaches
  4 goblins
  9 hobgoblins
  11 jackals
  6 kobolds
  2 quokkas
  2 ball pythons
  5 bats
  10 rats
87 creatures vanquished.

Table legend:
 A = Non-vault XP
 B = Vault XP
 C = Vault XP percentage of total XP
 D = Non-vault monster count
 E = Vault monster count
 F = Vault count percentage of total count
                 A         B        C        D         E       F
            +---------+---------+-------+---------+---------+-------
      Total |     446 |     251 |  36.0 |      85 |       2 |   2.3
            +---------+---------+-------+---------+---------+-------
        D:1 |      41 |       0 |   0.0 |      22 |       0 |   0.0
        D:2 |      78 |     251 |  76.3 |      24 |       2 |   7.7
        D:3 |     106 |       0 |   0.0 |      18 |       0 |   0.0
        D:4 |     221 |       0 |   0.0 |      21 |       0 |   0.0
            +---------+---------+-------+---------+---------+-------

Skill      XL: |  1  2  3  4  5  6 |
---------------+-------------------+-----
Long Blades    | 4 6 7 |  7.9
Fighting       | |  2.0
Throwing       | |  1.7
Dodging        | |  2.6

Action                     |  1- 3 |  4- 6 |  7- 9 || total
---------------------------+-------+-------+-------++-------
  Melee: Long sword        |    84 |   102 |    40 ||   226
         Dagger            |    74 |    95 |    39 ||   208
  Evoke: Wand              |       |     2 |       ||     2
    Use: Scroll            |     3 |     1 |     3 ||     7
         Potion            |     1 |       |     2 ||     3
   Stab: Sleeping          |     3 |     1 |       ||     4
         Invisible         |       |     1 |       ||     1
 Armour: Leather armour    |    36 |    65 |    57 ||   158
         Skin              |     3 |       |       ||     3
  Dodge: Dodged            |    49 |   107 |    53 ||   209

Illustrated notes

Table legend:
 A = Kills in this place as a percentage of kills in the entire game.
 B = Kills by you in this place as a percentage of kills by you in the entire game.
 C = Kills by friends in this place as a percentage of kills by friends in the entire game.
 D = Other kills in this place as a percentage of other kills in the entire game.
 E = Experience gained in this place as a percentage of experience gained in the entire game.
 F = Experience gained in this place divided by the number of levels of this place that you have seen.
                   A       B       C       D       E      F
               +-------+-------+-------+-------+-------+----------------------
         Total | 100.0 | 100.0 |   N/A |   N/A | 100.0 | 174.2
       Dungeon | 100.0 | 100.0 |   N/A |   N/A | 100.0 | 174.2
               +-------+-------+-------+-------+-------+----------------------

Table legend: (Time is in decaauts)
 A = Elapsed time spent in this place.
 B = Non-inter-level travel time spent in this place.
 C = Inter-level travel time spent in this place.
 D = Time resting spent in this place.
 E = Time spent auto-exploring this place.
 F = Levels seen in this place.
 G = Mean time per level.
                   A        B        C        D        E       F      G
               +--------+--------+--------+--------+--------+-----+--------+
         Total |   3032 |   2919 |    113 |    417 |   1954 |   4 |  758.0 |
       Dungeon |   3032 |   2919 |    113 |    417 |   1954 |   4 |  758.0 |
               +--------+--------+--------+--------+--------+-----+--------+

Top non-repeatable levels by time:
     D:2: 1130 daAuts
     D:1: 746 daAuts
     D:3: 694 daAuts
     D:4: 462 daAuts
